 Dungeon Crawl Stone Soup version 0.27-a0-676-gc1da3516c2 (webtiles) character file.

Game seed: 9418862697216702510

81 Dreamer the Shield-Bearer (level 4, 0/37 HPs)
             Began as a Formicid Fighter on Mar 18, 2021.
             Succumbed to an adder's poison
             ... on level 4 of the Dungeon.
             The game lasted 00:03:20 (1442 turns).

Dreamer the Shield-Bearer (Formicid Fighter)        Turns: 1442, Time: 00:03:20

Health: 0/37       AC:  7    Str: 22    XL:     4   Next: 68%
Magic:  4/4        EV:  8    Int:  7    God:
Gold:   33         SH:  9    Dex: 10    Spells: 3/3 levels left

rFire    + . .     SeeInvis +   a - +0 flail
rCold    x . .     Faith    .   c - +0 kite shield
rNeg     . . .     Spirit   .   b - +0 scale mail
rPois    .         Reflect  .   (helmet unavailable)
rElec    .         Harm     .   (no cloak)
rCorr    .         Rampage  .   (no gloves)
Will     .....                  (no boots)
Stlth    ..........             (no amulet)
HPRegen  0.12/turn              j - ring of fire
MPRegen  0.09/turn              (no ring)

@: lethally poisoned (0 -> -1)
A: permanent stasis, dig shafts and tunnels, antennae 3, four strong arms
a: Dig, Shaft Self


You were on level 4 of the Dungeon.
You visited 1 branch of the dungeon, and saw 3 of its levels.

You collected 33 gold pieces.

Inventory:

Hand Weapons
 a - a +0 flail (weapon)
Armour
 b - a +0 scale mail (worn)
 c - a +0 kite shield (worn)
Jewellery
 j - a ring of fire (right hand)
Scrolls
 f - a scroll of fear {unknown}
 g - a scroll of teleportation {unknown}
 h - a scroll of enchant weapon {unknown}
Potions
 d - a potion of might
 e - a potion of berserk rage {unknown}
 i - a potion of flight {unknown}


   Skills:
 + Level 4.0 Fighting
 + Level 2.8 Maces & Flails
 + Level 4.0 Armour
 + Level 4.3 Shields


You had 3 spell levels left.
You didn't know any spells.
Your spell library was empty.

Dungeon Overview and Level Annotations

Branches:
Dungeon (2/15)

Altars:


Innate Abilities, Weirdness & Mutations

You cannot be hasted, slowed, berserked, paralysed or teleported.
You can dig through walls and to a lower floor.
You have a pair of large antennae on your head. (SInv)
Your four strong arms can wield two-handed weapons with a shield.


Message History

The orc hits you with a +0 dagger.
The orc wizard gestures at itself while chanting.
The orc wizard flickers and vanishes for a moment.
An adder comes into view.
The adder hisses angrily.
You block the orc's attack.
Found a scroll labelled JOTWUTW ENLY.
The adder bites you.
You are poisoned.
The adder poisons you! The adder barely misses you.
You feel sick.
You feel sick. The adder bites you but does no damage.
An orc comes into view. It is wielding a +0 flail.
The orc shouts!
You feel sick. You block the adder's attack.
An orc priest comes into view. It is wielding a +0 falchion.
An orc comes into view. It is wielding a +0 flail.
The orc shouts!
The orc priest shouts!
The orc priest begins to cast a cantrip, but forgets the words!
You feel sick.
An orc wizard comes into view. It is wielding a +0 dagger.
Found a spear.
The orc wizard shouts!
The orc priest mumbles some strange prayers to Beogh against you.
Pain shoots through your body! The adder bites you.
The orc hits you with a +0 flail.
The orc priest invokes the aid of Beogh against you.
Beogh smites you!
* * * LOW HITPOINT WARNING * * *
* * * LOW HITPOINT WARNING * * *
You feel sick. You block the adder's attack. The orc barely misses you.
The orc wizard hits you with a +0 dagger.
* * * LOW HITPOINT WARNING * * *
* * * LOW HITPOINT WARNING * * *
You feel sick. The adder bites you but does no damage.
The orc priest hits you but does no damage.
You die...

#.....#
#.....#
+.....#
#.....#
#.....#
#.....##+
#........
#@.......
#........
#oS......
#o.......
#o.o..)..
#.oo.....
#O.......
#.o......
#.....###


You could see an ogre, an orc priest, 2 orc wizards, an adder and 4 orcs.

Vanquished Creatures
  3 adders (D:2)
  2 oozes (D:1)
  A worm (D:2)
  3 dart slugs (D:1)
  3 bats
  4 giant cockroaches
  6 goblins
  3 hobgoblins (D:1)
  A quokka (D:1)
  2 frilled lizards (D:1)
  7 kobolds
  2 rats (D:1)
37 creatures vanquished.

Notes
Turn   | Place    | Note
-------+----------+-------------------------------------------
     0 | D:1      | Dreamer the Formicid Fighter began the quest for the Orb.
     0 | D:1      | Reached XP level 1. HP: 18/18 MP: 1/1
   270 | D:1      | Reached XP level 2. HP: 16/24 MP: 2/2
   394 | D:1      | Reached XP level 3. HP: 28/29 MP: 3/3
  1121 | D:2      | Reached XP level 4. HP: 37/37 MP: 4/4
  1366 | D:2      | You fall into a shaft and drop 2 floors!
  1366 | D:4      | Noticed an ogre
  1437 | D:4      | HP: 1/37 [orc wizard/+0 dagger (1)]
  1442 | D:4      | Succumbed to an adder's poison

Illustrated notes

Levels and vault maps discovered:
D:1:      dpeg_arrival_tiny_a, layout_basic
D:2:      layout_loops_ring
D:4:      layout_gridville, minmay_temple_entry_slanted

Skill      XL: |  1  2  3  4 |
---------------+-------------+-----
Shields        | 4 |  4.3
Armour         | 4 |  4.0
Fighting       | 4 |  4.0
Maces & Flails | |  2.8

Action                   |  1- 3 |  4- 6 || total
-------------------------+-------+-------++-------
Melee: Flail             |    89 |    34 ||   123
 Abil: Dig               |     1 |       ||     1
Armor: Scale mail        |    28 |    17 ||    45
Dodge: Dodged            |    33 |    16 ||    49
Block: Kite shield       |    51 |    17 ||    68

Table legend: (Time is in decaauts)
 A = Elapsed time spent in this place.
 B = Non-inter-level travel time spent in this place.
 C = Inter-level travel time spent in this place.
 D = Time resting spent in this place.
 E = Time spent auto-exploring this place.
 F = Levels seen in this place.
 G = Mean time per level.
                   A        B        C        D        E       F      G
               +--------+--------+--------+--------+--------+-----+--------+
         Total |   1495 |   1469 |     26 |    281 |    788 |   3 |  498.3 |
       Dungeon |   1495 |   1469 |     26 |    281 |    788 |   3 |  498.3 |
               +--------+--------+--------+--------+--------+-----+--------+

Top non-repeatable levels by time:
     D:1: 1143 daAuts
     D:2: 276 daAuts
     D:4: 75 daAuts
